 Dungeon Crawl Stone Soup version 0.23.2-1-ga50397a (webtiles) character file.

Game seed: 12417107529324356375

9394 Fang the Fighter (level 11, -1/108 HPs)
             Began as a Gargoyle Berserker on May 14, 2019.
             Was a High Priest of Trog.
             Slain by a vampire (3 damage)
             ... on level 10 of the Dungeon.
             The game lasted 00:12:42 (8757 turns).

Fang the Fighter (Gargoyle Berserker)               Turns: 8757, Time: 00:12:43

Health: -1/108     AC: 24    Str: 28    XL:     11   Next: 45%
Magic:  11/11      EV: 11    Int:  9    God:    Trog [*****.]
Gold:   439        SH:  0    Dex:  9    Spells: 10/10 levels left

rFire    + . .     SeeInvis .   a - +2 war axe (flame)
rCold    + . .     Gourm    +   (no shield)
rNeg     + . .     Faith    .   b - +2 plate armour
rPois    ∞         Spirit   .   (no helmet)
rElec    +         Reflect  .   o - scarf {rC+ rF+}
rCorr    .         Harm     .   (no gloves)
MR       .....                  (no boots)
Stlth    ..........             m - amulet of the gourmand
HPRegen  0.28/turn              (no ring)
MPRegen  0.12/turn              (no ring)

@: berserking, very quick
A: negative energy resistance 1, electricity resistance, unbreathing,
petrification resistance, rot immunity, AC +8
a: Berserk, Trog's Hand, Brothers in Arms, Renounce Religion


You were on level 10 of the Dungeon.
You worshipped Trog.
Trog was extremely pleased with you.
You were hungry.

You visited 2 branches of the dungeon, and saw 12 of its levels.

You collected 439 gold pieces.

Inventory:

Hand Weapons
 a - a +2 war axe of flaming (weapon)
 q - a +4 hand axe of electrocution
Armour
 b - a +2 plate armour (worn)
 o - a scarf of resistance (worn)
Jewellery
 m - an amulet of the gourmand (around neck)
Wands
 j - a wand of random effects (10)
 t - a wand of digging (4)
 v - a wand of iceblast (10)
 B - a wand of flame (44)
Scrolls
 d - a scroll of magic mapping
 e - 8 scrolls of remove curse
 g - a scroll of fog
 l - a scroll of fear
 n - 5 scrolls of teleportation
 s - a scroll of brand weapon
 x - 2 scrolls of identify
Potions
 f - a potion of might {unknown}
 i - 4 potions of lignification
 k - 6 potions of agility
 p - a potion of ambrosia
 r - 3 potions of curing {unknown}
 u - 2 potions of mutation
Comestibles
 c - 19 rations


   Skills:
 + Level 10.2 Fighting
 + Level 8.6 Axes
 + Level 9.9 Armour
 + Level 7.6 Dodging


You had 10 spell levels left.
You didn't know any spells.
Your spell library was empty.

Dungeon Overview and Level Annotations

Branches:
Dungeon (11/15)            Temple (1/1) D:4             Orc (0/2) D:10
   Lair: D:8-11

Altars:
Okawaru
Qazlal
Ru
Sif Muna
Trog
Zin

Shops:
D:7 *   D:10 =   D:11 [


Innate Abilities, Weirdness & Mutations

You are resistant to torment.
Your stone body is resilient. (AC +8)
You are immune to poison.
You resist negative energy. (rN+)
You are resistant to electric shocks. (rElec)
You can survive without breathing.
You are immune to petrification.
You are immune to rotting.


Message History

Something bites you.
* * * LOW HITPOINT WARNING * * *
There is a strange disturbance nearby!
Okay, then.
Welcome back, Fang the Gargoyle Berserker.
Trog says: Kill them all!
Press ? for a list of commands and other information.
Okay, then.
A red film seems to cover your vision as you go berserk!
You feel yourself moving faster!
You feel mighty!
You are feeling hungry.
Something hits you but does no damage.
Deactivating autopickup; reactivate with Ctrl-A.
Something bites you but does no damage.
You miss something. Something hits you!
* * * LOW HITPOINT WARNING * * *
Something bites you but does no damage.
You slash something! You burn something. You barely miss something.
Something hits you.
You die...

:.......### ####### #......
..........###.....# #......
........#..##.....##### #......
........##..#.....'...#####).....
........###.'.....###......<.....
........# ###.....# #######......
######.## ###'### ##.#..# #...#
#.{# ####.##.# #.### ##@##
#........ #.# #..# #.8≈≈≈≈≈≈ #.#
#####'#### #.≈8≈≈≈≈≈ #.#
#........# #.≈≈.'### #.#
#........####.≈≈.#... ##.#
#........#....≈≈##... #..#
#........'.##....)... #.##
#........####.≈≈##... #.#
#........# #.≈≈.#...


There were no monsters in sight!

Vanquished Creatures
  2 two-headed ogres
  An ugly thing (D:8)
  A gargoyle (D:11)
  A centaur zombie (D:11)
  A tengu conjurer (D:10)
  A tyrant leech (D:11)
  A troll (D:10)
  A hornet (D:7)
  Grinder (D:6)
  3 hippogriffs
  A wyvern (D:11)
  A hungry ghost (D:11)
  2 vampire mosquitoes (D:11)
  Menkaure (D:6)
  A water moccasin (D:10)
  7 orc warriors
  3 sky beasts
  2 ice beasts (D:5)
  An eye of draining (D:9)
  A phantom (D:7)
  An ogre (D:10)
  4 centaurs (D:11)
  A big kobold (D:9)
  5 bullfrogs
  2 scorpions
  A water moccasin skeleton (D:5)
  6 killer bees
  10 wights
  5 crimson imps
  3 jellies
  8 orc priests
  4 hounds
  A quasit (D:11)
  A bullfrog skeleton (D:5)
  17 orc wizards
  Ijyb (D:3)
  Natasha (thrice) (D:2)
  An iguana (D:8)
  9 worker ants
  A killer bee zombie (D:5)
  A howler monkey zombie (D:6)
  3 worker ant zombies
  9 gnolls
  15 adders
  3 shadow imps
  An ooze (D:2)
  2 worms (D:2)
  A dart slug (D:1)
  2 leopard geckos
  47 orcs
  3 giant cockroaches
  3 goblins
  2 hobgoblins (D:1)
  13 jackals
  6 quokkas
  5 bats
  2 frilled lizards
  14 kobolds
  A leopard gecko skeleton (D:4)
  A leopard gecko zombie (D:7)
  4 rats
255 creatures vanquished.

Notes
Turn   | Place    | Note
-------+----------+-------------------------------------------
     0 | D:1      | Fang the Gargoyle Berserker began the quest for the Orb.
     0 | D:1      | Reached XP level 1. HP: 14/14 MP: 1/1
   196 | D:1      | Reached XP level 2. HP: 17/19 MP: 2/2
   602 | D:2      | Reached XP level 3. HP: 24/24 MP: 3/3
   690 | D:2      | Reached skill level 4 in Fighting
   690 | D:2      | Reached XP level 4. HP: 25/29 MP: 4/4
   697 | D:2      | Reached ** piety under Trog
   739 | D:2      | Noticed Natasha
   748 | D:2      | Killed Natasha
   748 | D:2      | Reached XP level 5. HP: 26/33 MP: 5/5
   934 | D:2      | Noticed Natasha
   946 | D:2      | Killed Natasha
   973 | D:2      | Found a faded altar of an unknown god.
  1247 | D:2      | Noticed Natasha
  1256 | D:2      | Killed Natasha
  1256 | D:2      | Reached XP level 6. HP: 30/39 MP: 6/6
  1795 | D:3      | Found a bloodstained altar of Trog.
  1795 | D:3      | Found a glowing silver altar of Zin.
  1795 | D:3      | Noticed Ijyb
  1809 | D:3      | Killed Ijyb
  2154 | D:4      | Reached skill level 5 in Fighting
  2155 | D:4      | Reached XP level 7. HP: 28/44 MP: 7/7
  2266 | D:4      | Reached *** piety under Trog
  2557 | D:4      | Noticed a two-headed ogre
  2569 | D:4      | Killed a two-headed ogre
  2569 | D:4      | Reached skill level 6 in Fighting
  2569 | D:4      | Reached skill level 5 in Axes
  2569 | D:4      | Reached skill level 5 in Armour
  2569 | D:4      | Reached XP level 8. HP: 12/51 MP: 8/8
  2913 | D:4      | Found a stormy altar of Qazlal.
  2942 | D:4      | Found a sacrificial altar of Ru.
  3099 | D:4      | Found a staircase to the Ecumenical Temple.
  3111 | Temple   | Entered the Ecumenical Temple
  3269 | D:5      | Entered Level 5 of the Dungeon
  3792 | D:5      | Reached XP level 9. HP: 24/56 MP: 9/9
  3800 | D:5      | Reached skill level 7 in Fighting
  4075 | D:5      | Reached skill level 5 in Dodging
  4455 | D:6      | Noticed Menkaure
  4469 | D:6      | Killed Menkaure
  4960 | D:6      | Noticed Grinder
  4980 | D:6      | Killed Grinder
  5481 | D:7      | Noticed a hornet
  5490 | D:7      | Killed a hornet
  5490 | D:7      | Reached skill level 8 in Fighting
  5683 | D:7      | Found Rimowkig's Assorted Antiques.
  5945 | D:8      | Noticed a purple ugly thing
  5970 | D:8      | Killed a purple ugly thing
  5970 | D:8      | Reached XP level 10. HP: 59/65 MP: 10/10
  6221 | D:9      | Reached **** piety under Trog
  6562 | D:9      | Identified a scroll of acquirement
  7022 | D:10     | Entered Level 10 of the Dungeon
  7054 | D:10     | Reached skill level 9 in Fighting
  7149 | D:10     | Received a gift from Trog
  7261 | D:10     | Noticed a two-headed ogre
  7270 | D:10     | Killed a two-headed ogre
  7768 | D:10     | Reached XP level 11. HP: 34/71 MP: 11/11
  7902 | D:10     | Found a staircase to the Orcish Mines.
  8202 | D:10     | Found Kiov's Jewellery Shop.
  8273 | D:11     | Found Osiol's Armour Shoppe.
  8426 | D:11     | Reached skill level 10 in Fighting
  8431 | D:11     | Reached ***** piety under Trog
  8717 | D:11     | HP: 3/72 [something (3)]
  8727 | D:11     | HP: 2/72 [vampire (4)]
  8755 | D:10     | HP: 2/108 [something (7)]
  8757 | D:10     | Slain by a vampire

Skill      XL: |  1  2  3  4  5  6  7  8  9 10 11 |
---------------+----------------------------------+-----
Axes           | 3 4 5 7 8 |  8.6
Dodging        | 2 3 4 6 7 |  7.6
Fighting       | 4 5 6 8 9 10 | 10.2
Armour         | 3 4 5 6 8 9 |  9.9

Action                   |  1- 3 |  4- 6 |  7- 9 | 10-12 || total
-------------------------+-------+-------+-------+-------++-------
Melee: Hand axe          |    90 |    15 |       |       ||   105
       War axe           |       |   155 |   401 |   379 ||   935
Invok: Berserk           |       |     1 |     6 |    10 ||    17
  Use: Scroll            |       |       |    20 |     4 ||    24
       Potion            |       |       |       |     3 ||     3
 Stab: Paralysed         |       |       |     3 |       ||     3
  Eat: Chunk             |       |     4 |    30 |    23 ||    57
Armor: Plate armour      |    90 |   181 |   286 |   451 ||  1008
       Animal skin       |     5 |       |       |       ||     5
Dodge: Dodged            |    39 |   110 |   183 |   253 ||   585
